 Dungeon Crawl Stone Soup version 0.31-a0-986-g5e6e4ef867 (webtiles) character file.

Game seed: 16036635833298917646

49 cowhearter the Sneak (level 3, -3/23 HPs)
             Began as an Octopode Enchanter on Nov 14, 2023.
             Slain by a hobgoblin (6 damage)
             ... led by Robin
             ... on level 2 of the Dungeon.
             The game lasted 00:03:18 (1131 turns).

cowhearter the Sneak (Octopode Enchanter)           Turns: 1131, Time: 00:03:18

Health: -3/23      AC:  1    Str:  7    XL:     3   Next: 75%
Magic:  6/6        EV: 13    Int: 17    God:
Gold:   131        SH:  0    Dex: 14    Spells: 6/6 levels left

rFire   . . .        a - +1 dagger
rCold   . . .        (no shield)
rNeg    . . .        (helmet restricted)
rPois   .            (no amulet)
rElec   .            (no ring)
rCorr   .            (no ring)
SInv    .            (no ring)
Will    .....        (no ring)
Stlth   ++++         (no ring)
HPRegen 0.23/turn    (no ring)
MPRegen 0.10/turn    (no ring)
                     (no ring)

%: no passive effects
@: no status effects
A: almost no armour, amphibious, 8 rings, camouflage 1, gelatinous body 1,
(nimble swimmer 1), tentacles
a: no special abilities


You were on level 2 of the Dungeon.
You visited 1 branch of the dungeon, and saw 2 of its levels.

You collected 131 gold pieces.

Inventory:

Hand Weapons
 a - a +1 dagger (weapon)
Talismans
 e - a beast talisman
Scrolls
 c - 2 scrolls of identify {unknown}
 d - a scroll of teleportation {unknown}
 g - a scroll of enchant armour {unknown}
Potions
 b - 2 potions of invisibility
 f - a potion of heal wounds {unknown}


   Skills:
 * Level 1.2 Fighting
 * Level 1.6 Short Blades
 + Level 2.2 Dodging
 - Level 4.0 Stealth
 + Level 2.3 Spellcasting
 + Level 3.5 Hexes


You had 6 spell levels left.
You didn't know any spells.
Your spell library contained the following spells:

 Spells                   Type           Power      Damage    Failure   Level
 Confusing Touch          Hex            14%        N/A       13%         3
 Tukima's Dance           Hex            14%        N/A       13%         3
 Ensorcelled Hibernation  Hex/Ice        16%        N/A       14%         2
 Dazzling Flash           Conj/Hex       16%        N/A       26%         3


Dungeon Overview and Level Annotations

Branches:
Dungeon (2/15)

Altars:

Annotations:
D:2 Robin


Innate Abilities, Weirdness & Mutations

You cannot wear most types of armour.
You are amphibious.
You can wear up to eight rings at the same time.
Your skin changes colour to match your surroundings (Stealth+).
Your rubbery body absorbs attacks. (AC +1, EV +1)
((You are camouflaged when in or above water. (Stealth+)))
You have tentacles for arms and can constrict up to eight enemies at once.


Message History

You puncture the endoplasm!
You kill the endoplasm!
A ball python comes into view.
The helpless ball python fails to defend itself.
You impale the ball python!!
You kill the ball python!
You see here a ball python corpse.
A ball python comes into view.
The helpless ball python fails to defend itself.
You impale the ball python!!
You kill the ball python!
You see here a ball python corpse. 4 goblins and 2 hobgoblins come into view.
Robin and a hobgoblin come into view.
The goblin shouts!
The hobgoblin shouts! x2; The goblin shouts!
You hear a shout!
The goblin shouts!
You hear a shout! x2
The hobgoblin shouts!
Robin throws the goblin at you! The goblin hits you with a club.
You hit the hobgoblin. You grab the hobgoblin.
The hobgoblin is moderately wounded.
You constrict the hobgoblin. The goblin hits you but does no damage.
The hobgoblin hits you.
Robin roars a battlecry!
The goblins go into a battle-frenzy!
You hit the hobgoblin but do no damage. Your squeeze misses the hobgoblin.
The hobgoblin is heavily wounded.
You constrict the hobgoblin, but do no damage.
The goblin hits you with a +0 club. The hobgoblin hits you.
Robin points. "Kill!"
You hit the goblin. You grab the goblin.
The goblin is severely wounded.
You constrict the goblin.
You kill the goblin!
You constrict the hobgoblin, but do no damage.
The hobgoblin hits you.
* * * LOW HITPOINT WARNING * * *
You release your grip on the hobgoblin.
The hobgoblin attacks as it pursues you!
The hobgoblin hits you.
You die...

####..# #..#
#.##.## #..# #..#
#.# #.#...# #..#
#..# #.# #......
#.)# #..# #.#
#......
#.##..######..# #.#
##.....
#.............# #.#
##....
####..#######.# #.#
##.#. .....#
#.######.#######.#.
#######
#†@.........†....#
#g######.#########
#.######..#
#...g)###.# #####g#
.# #. #.# .# .. #.#
.# .# #g# .# ###.#


ggg ....# You could see a hobgoblin (strong).

Vanquished Creatures
  A gnoll (D:1)
  A worm (D:2)
  5 endoplasms
  4 hobgoblins
  3 jackals (D:1)
  2 kobolds (D:1)
  3 quokkas (D:1)
  4 ball pythons
  A bat (D:1)
  A frilled lizard (D:1)
  5 goblins
  2 rats (D:1)
32 creatures vanquished.

Notes
Turn   | Place    | Note
-------+----------+-------------------------------------------
     0 | D:1      | cowhearter the Octopode Enchanter began the quest for the
                  | Orb.
     0 | D:1      | Reached XP level 1. HP: 11/11 MP: 3/3
    80 | D:1      | Found a faded altar of an unknown god.
   156 | D:1      | Reached XP level 2. HP: 18/18 MP: 5/5
   193 | D:1      | Reached skill level 1 in Fighting
   247 | D:1      | Reached XP level 3. HP: 23/23 MP: 6/6
  1122 | D:2      | Noticed Robin
  1125 | D:2      | HP: 1/23 [hobgoblin[Robin] (6)]
  1131 | D:2      | Slain by a hobgoblin

Illustrated notes

Levels and vault maps discovered:
D:1:      ncdulo_wetmaze, layout_rooms, shapermc_ecumenical_altar_flowoftime
D:2:      layout_loops_ring, uniq_robin

Skill      XL: |  1  2 |
---------------+-------+-----
Fighting       | 1 |  1.2
Short Blades   | |  1.6
Dodging        | |  2.2
Stealth        | |  4.0
Spellcasting   | |  2.3
Hexes          | |  3.5

Action                     || total
---------------------------++-------
  Melee: Dagger            ||    59
         Tentacles         ||     9
         Constrict         ||    15
         Punch             ||     3
   Stab: Sleeping          ||    14
 Armour: Skin              ||    30
  Dodge: Dodged            ||    32

Table legend: (Time is in decaauts)
 A = Elapsed time spent in this place.
 B = Non-inter-level travel time spent in this place.
 C = Inter-level travel time spent in this place.
 D = Time resting spent in this place.
 E = Time spent auto-exploring this place.
 F = Levels seen in this place.
 G = Mean time per level.
                   A        B        C        D        E       F      G
               +--------+--------+--------+--------+--------+-----+--------+
         Total |   1127 |   1093 |     34 |    269 |    584 |   2 |  563.5 |
       Dungeon |   1127 |   1093 |     34 |    269 |    584 |   2 |  563.5 |
               +--------+--------+--------+--------+--------+-----+--------+

Top non-repeatable levels by time:
     D:1: 825 daAuts
     D:2: 301 daAuts
